 Dungeon Crawl Stone Soup version 0.31-a0-799-g6bc09d0 (webtiles) character file.

Game seed: 10237296856319438430

28722 tenshi1004 the Basher (level 13, -5/100 (104) HPs)
             Began as a Formicid Fighter on Sept 19, 2023.
             Was a High Priest of Okawaru.
             Succumbed to a black mamba's poison
             ... on level 3 of the Lair of Beasts.
             The game lasted 00:24:38 (15267 turns).

tenshi1004 the Basher (Formicid Fighter)           Turns: 15267, Time: 00:24:39

HP:   -5/100 (104)  AC: 31    Str: 27    XL:     13   Next: 75%
MP:   22/22         EV: 14    Int:  7    God:    Okawaru [*****.]
Gold: 982           SH:  6    Dex: 13    Spells: 12/12 levels left

rFire   . . .        P - +0 dire flail
rCold   . . .        c - +0 buckler
rNeg    . . .        G - +8 chain mail {ponderous}
rPois   .            (helmet unavailable)
rElec   .            s - +1 cloak
rCorr   .            b - +2 pair of gloves
SInv    +            B - +0 pair of boots
Will    +....        (no amulet) Stlth
                     T - +4 ring of protection
HPRegen 0.36/turn    E - +5 ring of evasion
MPRegen 0.18/turn

%: no passive effects
@: brilliant, lethally poisoned (-5 -> -42), studying Invocations, lightly
drained, slow
A: permanent stasis, dig shafts and tunnels, antennae 3, four strong arms
a: Dig, Shaft Self, Renounce Religion, Heroism, Finesse, Duel


You were on level 3 of the Lair of Beasts.
You worshipped Okawaru.
Okawaru was extremely pleased with you.
You visited 3 branches of the dungeon, and saw 15 of its levels.

You collected 982 gold pieces.


Innate Abilities, Weirdness & Mutations

You cannot be hasted, slowed, berserked, paralysed or teleported.
You can dig through walls and to a lower floor.
You have a pair of large antennae on your head. (SInv)
Your four strong arms can wield two-handed weapons with a shield.


   Skills:
 + Level 10.4 Fighting
 * Level 12.7 Maces & Flails
 * Level 9.9 Throwing
 + Level 10.4 Armour
 - Level 10.0 Shields
 + Level 12.1 Invocations


You had 12 spell levels left.
You didn't know any spells.
Your spell library contained the following spells:

 Spells                   Type           Power      Damage    Failure   Level
 Slow                     Hex            0%         N/A       88%         1
 Cigotuvi's Dreadful Rot  Necr/Pois/Air  0%         N/A       96%         2
 Sublimation of Blood     Necr           0%         N/A       96%         2
 Wereblood                Tmut           0%         N/A       96%         2
 Confusing Touch          Hex            0%         N/A       99%         3
 Ignite Poison            Fire/Tmut/Pois 0%         N/A       99%         3
 Ozocubu's Armour         Ice            0%         N/A       99%         3
 Sigil of Binding         Hex            0%         N/A       99%         3
 Vampiric Draining        Necr           0%         2d6       99%         3
 Volatile Blastmotes      Fire/Tloc      0%         2d10      99%         3
 Dispel Undead            Necr           0%         3d6       100%        4
 Fulminant Prism          Conj/Hex       0%         3d5       100%        4
 Iskenderun's Mystic Bla  Conj/Tloc      0%         2d3       100%        4
 Sticky Flame             Conj/Fire      0%         2d3       100%        4
 Iskenderun's Battlesphe  Conj           0%         2d6       100%        5
 Leda's Unmaking          Conj/Erth      0%         9d1       100%        6
 Ozocubu's Refrigeration  Ice            0%         4d7       100%        7
 Ignition                 Fire           0%         3d3       100%        8
 Death Channel            Necr           Unusable   N/A       N/A         6
 Spellforged Servitor     Conj/Summ      Unusable   N/A       N/A         7
 Summon Hydra             Summ           Unusable   N/A       N/A         7

Inventory:

Hand Weapons
 q - the +7 hammer of Fasioch {pain, rC- rN+ Str+3}
   (You found it on level 2 of the Dungeon)

   Str+3:     It affects your strength (+3).
   rC-:       It makes you vulnerable to cold.
   rN+:       It protects you from negative energy.
 P - a +0 dire flail (weapon)
Missiles
 h - 27 boomerangs (quivered)
 m - 22 javelins
 C - 31 poisoned darts
 S - 7 throwing nets {=f}
 U - 2 silver javelins
 X - a curare-tipped dart {=f}
Armour
 b - a +2 pair of gloves (worn)
 c - a +0 buckler (worn)
 s - a +1 cloak (worn)
 B - a +0 pair of boots (worn)
 G - a +8 chain mail of ponderousness (worn)
 R - the +1 ring mail of Sitz {rPois Int-3 Dex+5}
   (You found it on level 6 of the Dungeon)

   Int-3:     It affects your intelligence (-3).
   Dex+5:     It affects your dexterity (+5).
   rPois:     It protects you from poison
 V - the +5 chain mail of Qoedomp {*Corrode rF+ rN+ Int+2}
   (Okawaru gifted it to you on level 2 of the Lair of Beasts)

   Int+2:     It affects your intelligence (+2).
   rF+:       It protects you from fire.
   rN+:       It protects you from negative energy.
   *Corrode:  It may corrode you when you take damage.
Jewellery
 E - a +5 ring of evasion (right hand)
 F - a ring of protection from fire
 L - a ring of flight
 N - a ring of positive energy
 T - a +4 ring of protection (left hand)
Wands
 y - a wand of digging (16)
 A - a wand of flame (35)
 H - a wand of polymorph (5)
 I - a wand of iceblast (2)
 W - a wand of mindburst (4)
Scrolls
 a - a scroll of revelation {unknown}
 e - 3 scrolls of blinking {unknown}
 i - a scroll of fog {unknown}
 j - 13 scrolls of identify {unknown}
 k - a scroll of poison {unknown}
 o - 5 scrolls of teleportation {unknown}
 r - 7 scrolls of fear {unknown}
 w - a scroll of noise {unknown}
 z - a scroll of amnesia {unknown}
 D - 2 scrolls of vulnerability {unknown}
 M - 3 scrolls of immolation {unknown}
 Y - 2 scrolls of enchant armour {unknown}
 Z - a scroll of torment {unknown}
Potions
 d - 4 potions of might
 f - 4 potions of berserk rage {unknown}
 g - 3 potions of cancellation {unknown}
 l - 2 potions of mutation {unknown}
 n - 4 potions of lignification {unknown}
 p - a potion of invisibility {unknown}
 t - 2 potions of attraction {unknown}
 u - 4 potions of haste {@q3}
 v - 3 potions of enlightenment {unknown}
 x - 2 potions of curing {unknown}
 J - 2 potions of magic {unknown}
 K - 2 potions of heal wounds {unknown}
 O - 4 potions of degeneration {unknown}
 Q - 4 potions of brilliance

Dungeon Overview and Level Annotations

Branches:
Dungeon (11/15)            Temple (1/1) D:5            Lair (3/5) D:11
  Snake (0/4) Lair:3          Orc (0/2) D:9
  Swamp: Lair:2-3    Shoals: Lair:2-3

Altars:
Ashenzari
Cheibriados
Dithmenos
Elyvilon
Fedhas
Gozag
Hepliaklqana
Kikubaaqudgha
Makhleb
Nemelex Xobeh
Okawaru
Qazlal
Ru
Sif Muna
Trog
Uskayaw
Vehumet
Wu Jian
Xom
Yredelemnul
Zin
The Shining One

Annotations:
D:10 4 runed translucent doors

##.♣~..♣♣.. #.♣♣~.
♣♣# ##♣♣≈. ♣≈♣ { {
### #@## . ###S#
#..#####{{### { {
...P...{.{{.### {
S.....S.......#
>P...#.=..##..####♣♣
.... ####.#...##...♣
### ...
#####......#♣#.### .
#####........#


You could see a black mamba.


Message History

The black mamba is almost dead.
You feel sick. The black mamba bites you!
* * * LOW HITPOINT WARNING * * *
You are more poisoned.
The black mamba poisons you!
You hit the black mamba.
You kill the black mamba!
Okawaru accepts your kill.
You feel very sick.
You impale the black mamba!!
The black mamba is heavily wounded.
You feel very sick. The black mamba barely misses you.
The black mamba closely misses you.
You puncture the black mamba!
The black mamba is severely wounded.
You feel very sick. The black mamba bites you!
* * * LOW HITPOINT WARNING * * *
Unknown command.
It was a potion of brilliance.
You feel clever all of a sudden.
* * * LOW HITPOINT WARNING * * *
You feel very sick. The black mamba bites you!
* * * LOW HITPOINT WARNING * * *
You are more poisoned.
The black mamba poisons you!
It was a potion of haste.
Your stasis prevents you from being hasted.
You die...

Skill      XL: |  1  2  3  4  5  6  7  8  9 10 11 12 13 |
---------------+----------------------------------------+-----
Maces & Flails | 3 4 5 6 7 9 10 11 12 | 12.7
Fighting       | 4 5 6 7 8 9 10 | 10.4
Armour         | 4 5 6 7 8 9 10 | 10.4
Shields        | 5 6 7 9 10 | 10.0
Throwing       | 2 4 5 6 8 9 |  9.9
Invocations    | 2 6 8 10 12 | 12.1

Action                     |  1- 3 |  4- 6 |  7- 9 | 10-12 | 13-15 || total
---------------------------+-------+-------+-------+-------+-------++-------
  Melee: Flail             |   107 |    12 |       |       |       ||   119
         Mace              |       |    98 |   251 |   438 |       ||   787
         Dire flail        |       |       |       |   365 |   350 ||   715
  Throw: Boomerang         |       |       |    14 |    14 |    13 ||    41
         Dart              |       |       |       |     2 |     2 ||     4
         Throwing net      |       |       |       |     2 |       ||     2
 Invoke: Heroism           |       |       |       |     3 |     1 ||     4
Ability: Dig               |       |       |     2 |     2 |     5 ||     9
  Evoke: Wand              |       |       |       |     1 |       ||     1
    Use: Potion            |       |       |     1 |       |     2 ||     3
 Armour: Scale mail        |   101 |    70 |   134 |       |       ||   305
         Chain mail        |       |       |    35 |   488 |   214 ||   737
  Dodge: Dodged            |    85 |    42 |   113 |   295 |   193 ||   728
  Block: Buckler           |    34 |    15 |    71 |   215 |    94 ||   429

Levels and vault maps discovered:
D:1:      erik_arrival_cave_to_civilisation [erik_arrival_cave_to_hall],
          layout_rooms, shapermc_ecumenical_altar_hornbeckon,
          minmay_misc_feat_tower, dk_noncrumbling_2, minmay_cupped
D:2:      layout_loops_ring, basic_altar, feat_on_display,
          uniq_crazy_yiuf_cottage, uniq_jessica
D:3:      layout_basic, minmay_puff
D:4:      layout_basic, kennysheep_generic_room_10
D:5:      layout_layer_cave, minmay_temple_entry_poolview
D:6:      cheibrodos_fzero, layout_loops_ring, gammafunk_temple_overflow_arena,
          chequers_temple_overflow_minitemple
D:7:      layout_loops_ring, mainiacjoe_overflow_brackets, nicolae_water_bricks
D:8:      layout_cave_pools, uniq_gastronok, uniq_psyche, uniq_joseph
D:9:      layout_basic, david_orc_5
D:10:     minmay_bubble_buster, layout_loops_corners,
          minmay_hollow_rounded_squares, uniq_harold
D:11:     layout_irregular_city, lair_entry_dummy, uniq_maurice
Temple:   hellmonk_temple_divided_pantheon
Lair:1:   layout_chaotic_city, grunt_megastairs_5, infiniplex_staircase_pool_2,
          serial_bayou_shore_a
Lair:2:   layout_cellular_growth, grunt_megastairs_1, lemuel_fruit_fields
Lair:3:   layout_layer_cave, nicolae_swamp_entry_splash_gauntlet,
          minmay_snake_entry_six_corridors, special_room
          [special_room_mythical_zoo], gauntlet_entry_generic,
          dreamdust_wasp_nest

Notes
Turn   | Place    | Note
-------+----------+-------------------------------------------
     0 | D:1      | tenshi1004 the Formicid Fighter began the quest for the
                  | Orb.
     0 | D:1      | Reached XP level 1. HP: 18/18 MP: 1/1
   147 | D:1      | Reached XP level 2. HP: 24/24 MP: 2/2
   426 | D:1      | Reached XP level 3. HP: 17/29 MP: 3/3
   594 | D:1      | Found a faded altar of an unknown god.
   965 | D:2      | Found a sparkling altar of Nemelex Xobeh.
  1101 | D:2      | Noticed Jessica
  1128 | D:2      | Killed Jessica
  1129 | D:2      | Reached skill level 3 in Maces & Flails
  1129 | D:2      | Reached XP level 4. HP: 37/37 MP: 4/4
  1331 | D:2      | Found a runed translucent door.
  1335 | D:2      | Noticed Crazy Yiuf
  1337 | D:2      | Identified the +7 hammer of Fasioch {pain, rC- rN+ Str+3}
  1726 | D:2      | Killed Crazy Yiuf
  1727 | D:2      | Reached skill level 4 in Fighting
  1727 | D:2      | Reached skill level 4 in Armour
  1727 | D:2      | Reached XP level 5. HP: 27/42 MP: 1/5
  2496 | D:4      | Reached skill level 5 in Shields
  2679 | D:4      | Reached XP level 6. HP: 48/48 MP: 6/6
  3005 | D:4      | Reached skill level 4 in Maces & Flails
  3445 | D:5      | Entered Level 5 of the Dungeon
  3459 | D:5      | Reached XP level 7. HP: 54/55 MP: 7/7
  3468 | D:5      | Reached skill level 1 in Throwing
  3582 | D:5      | Reached skill level 5 in Maces & Flails
  3670 | D:5      | Reached skill level 2 in Throwing
  3768 | D:5      | Reached skill level 5 in Armour
  3768 | D:5      | Reached skill level 6 in Shields
  3795 | D:5      | Noticed a water moccasin
  3801 | D:5      | Killed a water moccasin
  3802 | D:5      | Reached skill level 5 in Fighting
  3802 | D:5      | Reached XP level 8. HP: 56/62 MP: 8/8
  4297 | D:5      | Found a staircase to the Ecumenical Temple.
  4637 | Temple   | Found a transporter.
  4637 | Temple   | Found a transporter.
  4637 | Temple   | Found a transporter.
  4637 | Temple   | Found a transporter.
  4637 | Temple   | Entered the Ecumenical Temple
  4661 | Temple   | Became a worshipper of Warmaster Okawaru
  4734 | D:6      | Found a faded altar of an unknown god.
  4734 | D:6      | Found a faded altar of an unknown god.
  4743 | D:6      | Found a snail-covered altar of Cheibriados.
  4745 | D:6      | Found a glowing golden altar of the Shining One.
  4747 | D:6      | Found a stormy altar of Qazlal.
  4957 | D:6      | Found a glowing silver altar of Zin.
  4957 | D:6      | Found a transporter.
  4957 | D:6      | Noticed a troll
  4981 | D:6      | Reached skill level 3 in Throwing
  5007 | D:6      | Noticed a yak
  5020 | D:6      | Reached skill level 6 in Maces & Flails
  5059 | D:6      | Identified the +0 sling "Embalmer" {elec, rPois rF- Str-2
                  | Dex+8}
  5075 | D:6      | Reached * piety under Okawaru
  5082 | D:6      | Reached skill level 4 in Throwing
  5082 | D:6      | Reached XP level 9. HP: 56/69 MP: 9/9
  5094 | D:6      | Reached skill level 7 in Shields
  5128 | D:6      | Reached skill level 6 in Armour
  5132 | D:6      | Identified the +1 ring mail of Sitz {rPois Int-3 Dex+5}
  5258 | D:6      | Reached skill level 6 in Fighting
  5432 | D:6      | Reached skill level 7 in Maces & Flails
  5432 | D:6      | Reached skill level 5 in Throwing
  5542 | D:6      | Found a transporter.
  6063 | D:7      | Reached ** piety under Okawaru
  6106 | D:7      | Reached skill level 1 in Invocations
  6126 | D:7      | Found a sacrificial altar of Ru.
  6486 | D:7      | Reached skill level 2 in Invocations
  6570 | D:7      | Reached XP level 10. HP: 76/77 MP: 11/11
  6868 | D:8      | Reached skill level 6 in Throwing
  6881 | D:8      | Reached skill level 3 in Invocations
  6886 | D:8      | Reached skill level 8 in Shields
  7002 | D:8      | Reached skill level 8 in Maces & Flails
  7029 | D:8      | Reached skill level 4 in Invocations
  7034 | D:8      | Reached skill level 7 in Armour
  7035 | D:8      | Reached *** piety under Okawaru
  7036 | D:8      | Reached skill level 7 in Fighting
  7461 | D:8      | Noticed Gastronok
  7491 | D:8      | Killed Gastronok
  7492 | D:8      | Reached skill level 5 in Invocations
  7617 | D:8      | Noticed Psyche
  7627 | D:8      | Killed Psyche
  7628 | D:8      | Reached skill level 9 in Maces & Flails
  7789 | D:8      | Noticed Joseph
  7812 | D:8      | Killed Joseph
  7813 | D:8      | Reached skill level 9 in Shields
  7813 | D:8      | Reached skill level 6 in Invocations
  7813 | D:8      | Reached XP level 11. HP: 69/85 MP: 15/15
  8032 | D:9      | Reached **** piety under Okawaru
  8195 | D:9      | Reached skill level 8 in Armour
  8237 | D:9      | Found a staircase to the Orcish Mines.
  8250 | D:9      | Reached skill level 8 in Fighting
  8250 | D:9      | Reached skill level 7 in Invocations
  8556 | D:9      | Received a gift from Okawaru
  8689 | D:9      | Reached skill level 10 in Maces & Flails
  8708 | D:9      | Reached ***** piety under Okawaru
  8709 | D:9      | Reached skill level 8 in Invocations
  8714 | D:9      | Received a gift from Okawaru
  9014 | D:10     | Entered Level 10 of the Dungeon
  9188 | D:10     | Reached skill level 10 in Shields
  9233 | D:10     | Noticed Harold
  9245 | D:10     | Killed Harold
  9245 | D:10     | Received a gift from Okawaru
  9406 | D:10     | Noticed a tengu warrior
  9423 | D:10     | Killed a tengu warrior
  9424 | D:10     | Reached XP level 12. HP: 80/94 MP: 16/18
  9470 | D:10     | Noticed a tengu warrior
  9488 | D:10     | Killed a tengu warrior
  9577 | D:10     | Found a large runed translucent door.
  9577 | D:10     | Found a large runed translucent door.
  9585 | D:10     | Noticed an ogre mage
  9676 | D:10     | Noticed a centaur warrior
  9691 | D:10     | Killed a centaur warrior
  9692 | D:10     | Reached skill level 7 in Throwing
  9692 | D:10     | Reached skill level 9 in Invocations
  9747 | D:10     | Found a large runed translucent door.
  9747 | D:10     | Found a large runed translucent door.
  9768 | D:10     | Reached skill level 9 in Armour
  9775 | D:10     | Reached skill level 9 in Fighting
  9889 | D:10     | Identified the staff "Orb Guardian's Foe" {rF++ rC+ Ice
                  | Earth}
  9988 | D:10     | Reached skill level 11 in Maces & Flails
 10075 | D:10     | Received a gift from Okawaru
 10757 | D:6      | Identified the +0 chain mail of the Present {rN+ Str-5
                  | Int+3} (Okawaru gifted it to you on level 6 of the Dungeon)
 10757 | D:6      | Received a gift from Okawaru
 10892 | D:11     | Found a staircase to the Lair.
 10949 | D:11     | Reached skill level 10 in Invocations
 11076 | D:11     | Noticed Maurice
 11096 | D:11     | Killed Maurice
 11195 | D:11     | Reached skill level 8 in Throwing
 11754 | Lair:1   | Entered Level 1 of the Lair of Beasts
 12328 | Lair:1   | Reached XP level 13. HP: 96/102 MP: 20/20
 13371 | Lair:2   | Reached skill level 11 in Invocations
 13385 | Lair:2   | Reached skill level 12 in Maces & Flails
 13415 | Lair:2   | Reached skill level 9 in Throwing
 13594 | Lair:2   | Reached skill level 10 in Fighting
 13599 | Lair:2   | Reached skill level 10 in Armour
 13672 | Lair:2   | Identified the +5 chain mail of Qoedomp {*Corrode rF+ rN+
                  | Int+2} (Okawaru gifted it to you on level 2 of the Lair of
                  | Beasts)
 13672 | Lair:2   | Received a gift from Okawaru
 14572 | Lair:3   | Noticed a four-headed hydra
 14588 | Lair:3   | Killed a four-headed hydra
 14874 | Lair:3   | Noticed a five-headed hydra
 14886 | Lair:3   | Killed a five-headed hydra
 14887 | Lair:3   | Reached skill level 12 in Invocations
 15236 | Lair:3   | Found a staircase to the Snake Pit.
 15266 | Lair:3   | HP: 3/100 [black mamba (11)]
 15267 | Lair:3   | Succumbed to a black mamba's poison

Vanquished Creatures
  Gastronok (D:8)
  2 hydras (Lair:3)
  Harold (D:10)
  A centaur warrior (D:10)
  A boulder beetle (Lair:3)
  2 tengu warriors (D:10)
  An ugly thing (D:10)
  2 cyclopes (D:11)
  Maurice (D:11)
  5 elephants (Lair:2)
  Joseph (D:8)
  2 black mambas
  A gargoyle (D:10)
  5 cane toads
  A rime drake (Lair:2)
  5 komodo dragons
  Psyche (D:8)
  3 trolls
  A polar bear (Lair:2)
  5 hornets (Lair:3)
  A slime creature (D:10)
  A vampire (D:10)
  2 shadows (D:10)
  2 wraiths
  31 yaks
  2 basilisks
  3 steam dragons
  4 wyverns
  A vampire mosquito (D:10)
  A swamp worm (Lair:3)
  3 acid dragons
  8 water moccasins
  4 orc warriors
  A sky beast (D:7)
  An ice beast (D:6)
  A black bear (D:6)
  6 wolves (Lair:1)
  6 centaurs
  A phantom (D:4)
  A kobold brigand (D:11)
  14 bullfrogs
  3 gnoll sergeants
  5 scorpions
  18 wights
  13 killer bees
  An electric eel (Lair:1)
  6 howler monkeys
  2 jellies (D:6)
  6 hounds
  6 orc priests
  Crazy Yiuf (D:2)
  3 sleepcaps
  Jessica (D:2)
  8 iguanas
  A gnoll bouda (D:7)
  14 orc wizards
  10 gnolls
  4 adders
  2 white imps (D:6)
  4 ufetubi
  2 worms (D:2)
  A dart slug (D:2)
  54 orcs
  4 ball pythons
  4 endoplasms
  7 goblins
  5 hobgoblins
  4 quokkas
  4 bats
  4 frilled lizards
  11 kobolds
  6 rats
350 creatures vanquished.

Table legend: (Time is in decaauts)
 A = Elapsed time spent in this place.
 B = Non-inter-level travel time spent in this place.
 C = Inter-level travel time spent in this place.
 D = Time resting spent in this place.
 E = Time spent auto-exploring this place.
 F = Levels seen in this place.
 G = Mean time per level.
                   A        B        C        D        E       F      G
               +--------+--------+--------+--------+--------+-----+--------+
         Total |  15717 |  14865 |    852 |    650 |  10554 |  15 | 1047.8 |
       Dungeon |  12062 |  11279 |    783 |    650 |   7889 |  11 | 1096.5 |
        Temple |     42 |     33 |      9 |      0 |      0 |   1 |   42.0 |
          Lair |   3612 |   3552 |     60 |      0 |   2664 |   3 | 1204.0 |
               +--------+--------+--------+--------+--------+-----+--------+

Top non-repeatable levels by time:
    D:10: 1716 daAuts
  Lair:2: 1512 daAuts
     D:6: 1417 daAuts
  Lair:1: 1387 daAuts
     D:8: 1338 daAuts
     D:5: 1171 daAuts
     D:4: 1065 daAuts
     D:9: 994 daAuts
     D:2: 956 daAuts
     D:7: 940 daAuts
     D:1: 920 daAuts
    D:11: 895 daAuts
  Lair:3: 713 daAuts
     D:3: 645 daAuts
  Temple: 42 daAuts

Table legend:
 A = Non-vault XP
 B = Vault XP
 C = Vault XP percentage of total XP
 D = Non-vault monster count
 E = Vault monster count
 F = Vault count percentage of total count
                 A         B        C        D         E       F
            +---------+---------+-------+---------+---------+-------
      Total |   27897 |   13135 |  32.0 |     263 |      87 |  24.9
            +---------+---------+-------+---------+---------+-------
        D:1 |      24 |       9 |  27.3 |      15 |       5 |  25.0
        D:2 |      55 |      78 |  58.6 |      14 |       2 |  12.5
        D:3 |      10 |       6 |  37.5 |       8 |       3 |  27.3
        D:4 |     308 |       2 |   0.6 |      14 |       1 |   6.7
        D:5 |     723 |       0 |   0.0 |      19 |       0 |   0.0
        D:6 |     514 |    1693 |  76.7 |      16 |      18 |  52.9
        D:7 |    1055 |       0 |   0.0 |      21 |       0 |   0.0
        D:8 |    1728 |    2261 |  56.7 |      29 |       3 |   9.4
        D:9 |    4730 |     397 |   7.7 |      34 |      22 |  39.3
       D:10 |    2555 |    5223 |  67.2 |      15 |      21 |  58.3
       D:11 |    2038 |     493 |  19.5 |      26 |       1 |   3.7
     Lair:1 |    3884 |     468 |  10.8 |      21 |       2 |   8.7
     Lair:2 |    6756 |     499 |   6.9 |      25 |       2 |   7.4
     Lair:3 |    3517 |    2006 |  36.3 |       6 |       7 |  53.8
            +---------+---------+-------+---------+---------+-------
